 Dungeon Crawl Stone Soup version 0.22-a0-322-g60b3cfd (webtiles) character file.

21067 xccam the Cleaver (level 13, -2/101 HPs)
             Began as a Formicid Fighter on Apr 2, 2018.
             Was the Champion of Cheibriados.
             Slain by a small abomination (6 damage)
             ... on level 1 of the Abyss.
             The game lasted 00:22:04 (9870 turns).

xccam the Cleaver (Formicid Fighter)                Turns: 9870, Time: 00:22:05

Health: -2/101     AC: 17    Str: 39      XL:     13   Next: 17%
Magic:  29/29      EV: 14    Int: 22      God:    Cheibriados [******]
Gold:   621        SH: 16    Dex: 27 (28) Spells: 12/12 levels left

rFire    + . .     SeeInvis +   E - +0 broad axe
rCold    + . .     Gourm    .   c - +0 shield
rNeg     . . .     Faith    .   d - +1 plate armour {rF+}
rPois    .         Spirit   .   (helmet unavailable)
rElec    .         Reflect  .   (no cloak)
rCorr    .         Harm     .   h - +0 pair of gloves
MR       ++...                  (no boots)
Stlth    ..........             n - amulet of the acrobat
HPRegen  0.26/turn              q - ring of protection from cold
MPRegen  0.21/turn              N - ring "Zur Toeq" {MR+ MP+9 Dex+2}

@: very slow
A: permanent stasis, dig shafts and tunnels, four strong arms, antennae 3,
rugged brown scales 1, [dopey 1], high mp 1
a: Dig, Shaft Self, Bend Time, Temporal Distortion, Slouch, Step From Time,
Renounce Religion


You were on level 1 of the Abyss.
You worshipped Cheibriados.
Cheibriados was exalted by your worship.
You were hungry.

You visited 1 branch of the dungeon, and saw 10 of its levels.
You visited the Abyss 1 time.
You also visited: Sewer and Bailey.

You collected 717 gold pieces.
You spent 96 gold pieces at shops.

Inventory:

Hand Weapons
 a - a +0 war axe
 D - a +0 battleaxe
 E - a +0 broad axe (weapon)
Armour
 b - a +0 scale mail
 c - a +0 shield (worn)
 d - a +1 plate armour of fire resistance (worn)
 h - a +0 pair of gloves (worn)
 C - the cursed +1 plate armour of the Spheres {rPois rF- MR++ Stlth+}
   (You found it on level 5 of the Dungeon)

   It makes you vulnerable to fire.
   It protects you from poison.
   It affects your resistance to hostile enchantments.
   It makes you more stealthy.
   It has a curse placed upon it.
 I - the +2 scale mail of the Merchant {rC+ Dex+2}
   (You found it on level 7 of the Dungeon)

   It affects your dexterity (+2).
   It protects you from cold.
Jewellery
 j - an uncursed ring of wizardry
 n - an amulet of the acrobat (around neck)
 q - a ring of protection from cold (left hand)
 x - an uncursed ring of wizardry
 M - a +2 ring of dexterity
 N - the ring "Zur Toeq" (right hand) {MR+ MP+9 Dex+2}
   (You found it in a bailey)

   [ring of magical power]

   It affects your dexterity (+2).
   It affects your resistance to hostile enchantments.
   It affects your magic capacity (+9).
Wands
 k - a wand of acid (1)
 F - a wand of flame (52)
 K - a wand of disintegration (19)
Scrolls
 e - 3 scrolls of noise {unknown}
 g - 3 scrolls of amnesia {unknown}
 i - 5 scrolls of teleportation {unknown}
 l - a scroll of enchant weapon {unknown}
 o - a scroll of brand weapon {unknown}
 r - 3 scrolls of fear {unknown}
 w - 6 scrolls of remove curse {unknown}
 y - 4 scrolls of blinking {unknown}
 G - a scroll of immolation {unknown}
 H - a scroll of magic mapping {unknown}
 L - a scroll of enchant armour {unknown}
 P - a scroll of acquirement {unknown}
 Q - a scroll of identify
Potions
 m - 2 potions of mutation
 s - a potion of haste {unknown}
 u - 2 potions of brilliance
 v - 2 potions of ambrosia {unknown}
 z - 2 potions of resistance {unknown}
 A - a potion of flight {unknown}
 B - 2 potions of magic {unknown}
 O - a potion of experience {unknown}
Comestibles
 f - 11 rations


   Skills:
 - Level 8.3 Fighting
 + Level 13.2 Axes
 - Level 8.4 Armour
 - Level 6.2 Dodging
 - Level 11.0 Shields
 - Level 8.0 Invocations


You had 12 spell levels left.
You didn't know any spells.

Dungeon Overview and Level Annotations

Branches:
Dungeon (10/15)            Temple (0/1) D:6            Lair (0/6) D:9
    Orc: D:9-12

Altars:
Ashenzari
Cheibriados
Gozag
Makhleb
Okawaru
Qazlal
Ru
Sif Muna
Vehumet
Wu Jian
Xom
The Shining One

Shops:
D:4 *   D:7 =

Annotations:
D:10 Sonja


Innate Abilities, Weirdness & Mutations

You cannot be hasted, slowed, berserked, paralysed or teleported.
You can dig through walls and to a lower floor.
Your four strong arms can wield two-handed weapons with a shield.
You have a pair of large antennae on your head. (SInv)
You are partially covered in rugged brown scales. (AC +1, +3% HP)
You have an increased reservoir of magic. (+10% MP)
[You are dopey. (Int -2)]


Message History

Unknown command.
You hit the ynoxinul.
You kill the ynoxinul!
Cheibriados appreciates the change of pace.
You hit the small abomination but do no damage.
The small abomination closely misses you.
Unknown command.
You barely miss the raiju. You hit the small abomination.
The raiju barely misses you.
You block the small abomination's attack.
Unknown command.
You slice the raiju!!
The raiju is almost dead.
You hit the small abomination but do no damage.
The raiju bites you.
* * * LOW HITPOINT WARNING * * *
The raiju shocks you!
* * * LOW HITPOINT WARNING * * *
The small abomination hits you.
You die...

#.
#§.#§
#...###
#.x@#
#.#h# #
.#. . #
.# #.
#. ##.
#.. { .
5 #. .
.
5.5.##
. . #.
# . # .
.


You could see a raiju and a small abomination.

Vanquished Creatures
  An orc warlord (Bailey)
  5 two-headed ogres
  A thrashing horror (Abyss:1)
  A sun demon (Abyss:1)
  3 wretched stars (Abyss:1)
  The ghost of xccam the Cleaver, a novice FoFi (D:7)
  An orc knight (Bailey)
  A worldbinder (Abyss:1)
  The ghost of DEFE the Thaumaturge, a novice DEWn of Vehumet (D:6)
  A smoke demon (Abyss:1)
  Joseph (D:8)
  The ghost of FoFiFeeFum the Chopper, a novice FoFi (D:5)
  An ancient zyme (Abyss:1)
  A raiju (Abyss:1)
  Prince Ribbit (D:5)
  A hippogriff (D:8)
  6 flying skulls (Abyss:1)
  A wyvern (D:9)
  3 ynoxinuls (Abyss:1)
  A small abomination (Abyss:1)
  A human (D:8)
  9 yaks
  2 chaos spawn (Abyss:1)
  2 fire bats (Abyss:1)
  2 large abominations (Abyss:1)
  3 hungry ghosts
  A neqoxec (Abyss:1)
  3 porcupines (D:9)
  Duvessa (D:5)
  13 orc warriors
  A sky beast (D:7)
  A black bear (D:9)
  2 phantoms
  An ice beast (D:7)
  3 ogres
  4 centaurs
  Blork the orc (D:6)
  2 big kobolds
  6 bullfrogs
  Dowan (D:5)
  A wyvern zombie (D:8)
  A scorpion (D:9)
  5 killer bees (D:8)
  7 wights
  2 howler monkeys
  5 starcursed masses (Abyss:1)
  2 crimson imps
  A bullfrog zombie (D:6)
  2 centaur zombies
  2 hounds
  A quasit (Abyss:1)
  2 jellies
  2 orc priests
  6 orc wizards
  A centaur skeleton (D:7)
  An iron imp (Abyss:1)
  5 iguanas
  4 worker ants
  A worker ant zombie (D:9)
  10 gnolls (Bailey)
  10 adders
  A river rat (D:5)
  A shadow imp (D:7)
  2 ufetubi (Abyss:1)
  7 oozes
  4 adder zombies
  An adder skeleton (D:5)
  A worm (D:5)
  2 dart slugs
  10 leopard geckos
  43 orcs
  2 bats (D:1)
  25 giant cockroaches
  17 hobgoblins
  3 jackals
  11 kobolds
  4 quokkas
  5 ball pythons (Sewer)
  16 frilled lizards
  25 goblins
  2 leopard gecko skeletons
  A leopard gecko zombie (D:6)
  6 rats
  A fungus (D:9)
353 creatures vanquished.

Vanquished Creatures (others)
  A small abomination (Abyss:1)
  An iron imp (Abyss:1)
  5 fungi (D:9)
  3 plants (D:9)
10 creatures vanquished.

Grand Total: 363 creatures vanquished

Notes
Turn   | Place    | Note
-------+----------+-------------------------------------------
     0 | D:1      | xccam the Formicid Fighter began the quest for the Orb.
     0 | D:1      | Reached XP level 1. HP: 18/18 MP: 1/1
   279 | D:1      | Reached XP level 2. HP: 18/24 MP: 2/2
   381 | D:1      | Reached skill level 3 in Axes
   413 | D:1      | Reached XP level 3. HP: 24/29 MP: 3/3
  1111 | D:2      | Reached skill level 4 in Axes
  1111 | D:2      | Reached XP level 4. HP: 35/35 MP: 4/4
  1485 | D:2      | Found a burning altar of Makhleb.
  1485 | D:2      | Noticed a balrug
  1615 | D:3      | Reached XP level 5. HP: 41/41 MP: 5/5
  1635 | D:3      | Found a faded altar of an unknown god.
  1718 | D:3      | Found a deep blue altar of Sif Muna.
  2012 | D:4      | Found Pol Geqo's General Store.
  2023 | D:4      | Reached skill level 5 in Axes
  2025 | D:4      | Bought a potion of might for 48 gold pieces
  2025 | D:4      | Bought a potion of agility for 48 gold pieces
  2268 | D:5      | Entered Level 5 of the Dungeon
  2459 | D:5      | Reached XP level 6. HP: 34/47 MP: 6/6
  2472 | D:5      | Found a glowing drain.
  2528 | Sewer    | Entered a sewer
  2597 | Sewer    | Reached skill level 6 in Axes
  2971 | Sewer    | Reached skill level 7 in Axes
  2971 | Sewer    | Reached XP level 7. HP: 12/52 MP: 7/7
  3369 | D:5      | Noticed Prince Ribbit
  3375 | D:5      | Killed Prince Ribbit
  3375 | D:5      | Reached skill level 8 in Axes
  3497 | D:5      | Found a glowing golden altar of the Shining One.
  3498 | D:5      | Got an encrusted plate armour
  3533 | D:5      | Found a shattered altar of Ashenzari.
  3547 | D:5      | Found a shimmering altar of Xom.
  3552 | D:5      | Noticed FoFiFeeFum's ghost (novice FoFi)
  3553 | D:5      | Found a snail-covered altar of Cheibriados.
  3553 | D:5      | Found an opulent altar of Gozag.
  3553 | D:5      | Found an ornate altar of the Wu Jian Council.
  3553 | D:5      | Found a radiant altar of Vehumet.
  3555 | D:5      | Found an iron altar of Okawaru.
  3556 | D:5      | Found a sacrificial altar of Ru.
  3558 | D:5      | Found a stormy altar of Qazlal.
  3600 | D:5      | Killed FoFiFeeFum's ghost
  3600 | D:5      | Reached skill level 9 in Axes
  3600 | D:5      | Reached XP level 8. HP: 37/58 MP: 8/8
  3689 | D:5      | Became a worshipper of Cheibriados the Contemplative
  3726 | D:5      | Noticed Duvessa
  3730 | D:5      | Noticed Dowan
  3741 | D:5      | Killed Duvessa
  3747 | D:5      | Killed Dowan
  3753 | D:5      | Identified the cursed +1 plate armour of the Spheres {rPois rF- MR++ Stlth+} (You found it on level 5 of the Dungeon)
  3878 | D:6      | Found a staircase to the Ecumenical Temple.
  3917 | D:6      | Reached skill level 10 in Axes
  4076 | D:6      | Noticed DEFE's ghost (novice DEWn)
  4090 | D:6      | Killed DEFE's ghost
  4090 | D:6      | Reached XP level 9. HP: 36/64 MP: 9/9
  4397 | D:6      | Noticed Blork the orc
  4407 | D:6      | Killed Blork the orc
  4741 | D:6      | Reached * piety under Cheibriados
  5066 | D:7      | Noticed a two-headed ogre
  5078 | D:7      | Killed a two-headed ogre
  5078 | D:7      | Reached XP level 10. HP: 27/70 MP: 10/10
  5166 | D:7      | Noticed xccam's ghost (novice FoFi)
  5250 | D:7      | Reached skill level 1 in Dodging
  5339 | D:7      | Found Qoodus's Jewellery Shop.
  5659 | D:7      | Gained mutation: Your mind is acute. (Int +2) [potion of mutation]
  5659 | D:7      | Gained mutation: You have large cloven feet. [potion of mutation]
  5675 | D:7      | Killed xccam's ghost
  5675 | D:7      | Reached skill level 5 in Armour
  5732 | D:7      | Reached skill level 5 in Fighting
  5782 | D:7      | Got a slimy scale mail
  5793 | D:7      | Identified the +2 scale mail of the Merchant {rC+ Dex+2} (You found it on level 7 of the Dungeon)
  6052 | D:8      | Noticed a two-headed ogre
  6092 | D:8      | Noticed Joseph
  6107 | D:8      | Killed Joseph
  6318 | D:8      | Reached ** piety under Cheibriados
  6351 | D:8      | Noticed a two-headed ogre
  6359 | D:8      | Killed a two-headed ogre
  6373 | D:8      | Killed a two-headed ogre
  6373 | D:8      | Reached XP level 11. HP: 51/83 MP: 11/11
  6560 | D:8      | Reached *** piety under Cheibriados
  6851 | D:8      | Noticed a two-headed ogre
  6871 | D:8      | Killed a two-headed ogre
  6871 | D:8      | Reached skill level 5 in Dodging
  8043 | D:9      | Found a staircase to the Lair.
  8164 | D:9      | Reached **** piety under Cheibriados
  8388 | D:10     | Entered Level 10 of the Dungeon
  8460 | D:10     | Found a flagged portal.
  8474 | Bailey   | Entered a bailey
  8571 | Bailey   | Reached ***** piety under Cheibriados
  8704 | Bailey   | Noticed an orc warlord
  8704 | Bailey   | Noticed an orc knight
  8719 | Bailey   | Killed an orc warlord
  8719 | Bailey   | Reached XP level 12. HP: 64/94 MP: 12/12
  8723 | Bailey   | Reached skill level 11 in Axes
  8767 | Bailey   | Got a slimy copper ring
  8788 | Bailey   | Identified the ring "Zur Toeq" {MR+ MP+9 Dex+2} (You found it in a bailey)
  8969 | D:10     | Reached skill level 1 in Invocations
  8995 | D:10     | Noticed a two-headed ogre
  9000 | D:10     | Killed a two-headed ogre
  9185 | D:10     | Noticed Sonja
  9189 | D:10     | Cast into level 1 of the Abyss (Sonja)
  9398 | Abyss:1  | Noticed a thrashing horror
  9406 | Abyss:1  | Killed a thrashing horror
  9413 | Abyss:1  | Noticed a wretched star
  9427 | Abyss:1  | Killed a wretched star
  9427 | Abyss:1  | Reached skill level 12 in Axes
  9427 | Abyss:1  | Reached skill level 5 in Invocations
  9489 | Abyss:1  | Noticed a sun demon
  9492 | Abyss:1  | Noticed a wretched star
  9496 | Abyss:1  | Killed a sun demon
  9508 | Abyss:1  | Killed a wretched star
  9555 | Abyss:1  | Noticed a starcursed mass
  9561 | Abyss:1  | Noticed a wretched star
  9572 | Abyss:1  | Reached ****** piety under Cheibriados
  9573 | Abyss:1  | Killed a starcursed mass
  9575 | Abyss:1  | Killed a wretched star
  9576 | Abyss:1  | Killed a starcursed mass
  9628 | Abyss:1  | Lost mutation: Your mind is acute. (Int +2) [potion of mutation]
  9628 | Abyss:1  | Lost mutation: You have large cloven feet. [potion of mutation]
  9628 | Abyss:1  | Gained mutation: You have an increased reservoir of magic. (+10% MP) [potion of mutation]
  9628 | Abyss:1  | Gained mutation: You are partially covered in rugged brown scales. (AC +1, +3% HP) [potion of mutation]
  9636 | Abyss:1  | Reached XP level 13. HP: 40/101 MP: 20/20
  9849 | Abyss:1  | Reached skill level 13 in Axes
  9870 | Abyss:1  | HP: 4/101 [raiju (9)]
  9870 | Abyss:1  | Slain by a small abomination

Vault maps used:
D:1:      dpeg_cavernosity
D:2:      minmay_roachtagon, minmay_misc_feat_rows, makhleb_altar_promises_db
D:3:      marbit_many_paths, chequers_ecumenical_altar_simple, dk_noncrumbling_4
D:4:      serial_shops, shop, first_ration
D:5:      minitemple, gup_sewer_entry_bowl, uniq_duvessa, uniq_prince_ribbit1
D:6:      minmay_temple_entry_statues_pillars, uniq_blork_the_orc
D:7:      serial_shops, kennysheep_mini_moat
D:8:      grunt_pizzeria, hangedman_abyss_or_decor_stabs, uniq_joseph
D:9:      grunt_lair_entry_orc_guard_hut
D:10:     enter_bailey_3, uniq_sonja
Abyss:1:  serial_sigils_hangedman_snap
Sewer:    sewer_frog_island_02
Bailey:   bailey_axe_minmay_hex_keep, bailey

Skill      XL: |  1  2  3  4  5  6  7  8  9 10 11 12 13 |
---------------+----------------------------------------+-----
Axes           | 3 4 5 7 9 10 12 13 | 13.2
Shields        | 6 11 | 11.0
Dodging        | 4 6 |  6.2
Fighting       | 6 8 |  8.3
Armour         | 6 8 |  8.4
Invocations    | 7 8 |  8.0

Action                   |  1- 3 |  4- 6 |  7- 9 | 10-12 | 13-15 || total
-------------------------+-------+-------+-------+-------+-------++-------
Melee: War axe           |    92 |   261 |   158 |   455 |       ||   966
       Kick              |       |       |       |   280 |       ||   280
       Broad axe         |       |       |       |   192 |    59 ||   251
Invok: Bend Time         |       |       |       |     3 |       ||     3
 Abil: Dig               |     1 |       |       |       |       ||     1
Evoke: Wand              |       |       |       |     4 |       ||     4
  Use: Potion            |       |       |     7 |     6 |     1 ||    14
       Scroll            |       |       |     3 |     4 |       ||     7
 Stab: Invisible         |       |       |     5 |     8 |       ||    13
  Eat: Chunk             |     1 |     7 |     6 |    10 |       ||    24
       Ration            |       |       |     1 |     2 |       ||     3
Armor: Scale mail        |    59 |   110 |    26 |    43 |       ||   238
       Plate armour      |       |       |       |    70 |    10 ||    80
Dodge: Dodged            |    32 |   107 |    55 |   243 |    27 ||   464
Block: Shield            |    61 |   139 |    79 |   418 |    38 ||   735

Table legend:
 A = Spawn XP
 B = Non-spawn XP
 C = Spawn XP percentage of total XP
 D = Spawn monster count
 E = Non-spawn monster count
 F = Spawn count percentage of total count
 G = Total turns spent on level
                    A         B        C        D         E        F      G
               +---------+---------+-------+---------+---------+-------+---------
         Total |    6285 |   23812 |  20.9 |      21 |     331 |   6.0 |  9870
               +---------+---------+-------+---------+---------+-------+---------
           D:1 |       0 |      39 |   0.0 |       0 |      19 |   0.0 |   887
           D:2 |       0 |      91 |   0.0 |       0 |      23 |   0.0 |   631
           D:3 |       0 |      18 |   0.0 |       0 |       4 |   0.0 |   371
           D:4 |       0 |      43 |   0.0 |       0 |       6 |   0.0 |   379
           D:5 |       0 |     988 |   0.0 |       0 |      14 |   0.0 |   806
           D:6 |       0 |    1703 |   0.0 |       0 |      24 |   0.0 |  1137
           D:7 |       0 |    2624 |   0.0 |       0 |      24 |   0.0 |  1076
           D:8 |       0 |    4693 |   0.0 |       0 |      42 |   0.0 |  1196
           D:9 |       0 |    3045 |   0.0 |       0 |      31 |   0.0 |  1102
          D:10 |       0 |    2297 |   0.0 |       0 |      20 |   0.0 |   433
       Abyss:1 |    6285 |    4353 |  59.1 |      21 |      14 |  60.0 |   681
         Sewer |       0 |     304 |   0.0 |       0 |      41 |   0.0 |   803
        Bailey |       0 |    3614 |   0.0 |       0 |      69 |   0.0 |   368
               +---------+---------+-------+---------+---------+-------+---------
